 Dungeon Crawl Stone Soup version 0.20.0-15-g7f486f2 (webtiles) character file.

2459 louis the Changer (level 9, 0/84 HPs)
             Began as a Troll Transmuter on June 19, 2017.
             Was a Believer of Okawaru.
             Slain by an orc warrior
             ... wielding a +2 war axe of chopping
              (20 damage)
             ... on level 6 of the Dungeon.
             The game lasted 00:28:28 (6307 turns).

louis the Changer (Troll Transmuter)                Turns: 6307, Time: 00:28:30

Health: 0/84       AC:  6    Str: 20    XL:     9   Next: 26%
Magic:  9/11       EV: 11    Int: 12    God:    Okawaru [**....]
Gold:   450        SH:  0    Dex: 10    Spells: 7/13 levels left

rFire    x . .     SeeInvis .     - Unarmed
rCold    + . .     Gourm    +   (no shield)
rNeg     . . .     Faith    .   b - +1 robe
rPois    .         Spirit   .   (helmet restricted)
rElec    .         Reflect  .   (no cloak)
rCorr    .         Harm     .   (gloves unavailable)
MR       .....                  (boots unavailable)
Stlth    ++........             (no amulet)
Regen    0.7/turn               (no ring)
MPRegen  0.2/turn               C - ring of ice

@: no status effects
A: unfitting armour, claws 3, fast metabolism 3, gourmand, regeneration 1,
shaggy fur 1, tough skin 2
a: Heroism, Renounce Religion


You were on level 6 of the Dungeon.
You worshipped Okawaru.
Okawaru was pleased with you.
You were not hungry.

You visited 1 branch of the dungeon, and saw 6 of its levels.
You also visited: Sewer.

You collected 450 gold pieces.

Inventory:

Missiles
 a - 52 arrows
 F - 2 tomahawks of returning (quivered)
Armour
 b - a +1 robe (worn)
Jewellery
 C - a ring of ice (right claw)
Wands
 g - a wand of lightning (3/15)
 i - a wand of lightning (9/15)
 n - a wand of disintegration (24/24)
 p - a wand of scattershot (4/9)
 t - a wand of flame (27/48)
 v - a wand of lightning (1/15)
 x - a wand of flame (9/48)
 y - a wand of polymorph (7/24)
Scrolls
 f - a scroll of magic mapping
 o - a scroll of fear
 r - a scroll of enchant weapon
 s - 3 scrolls of teleportation
 u - a scroll of blinking
 w - a scroll of recharging
 B - a scroll of remove curse
 D - a scroll of amnesia
 E - 3 scrolls of fog
 G - a scroll of identify
Potions
 e - 6 potions of flight
 k - a potion of resistance
 m - a potion of invisibility {unknown}
 q - 3 potions of lignification {unknown}
 z - 2 potions of curing {unknown}
 A - a potion of mutation {unknown}
 H - a potion of might {unknown}
Books
 c - a book of Changes

   Spells                             Type                      Level
   a - Beastly Appendage              Transmutation                1
   b - Sticks to Snakes               Transmutation                2
   c - Spider Form                    Transmutation/Poison         3
   d - Ice Form                       Ice/Transmutation            4
   e - Blade Hands                    Transmutation                5
Comestibles
 d - 5 bread rations
 h - 2 fruits
 j - 5 meat rations
 l - 4 royal jellies


   Skills:
 * Level 3.8 Fighting
 * Level 4.7 Dodging
 + Level 1.5 Stealth
 - Level 4.1 Unarmed Combat
 + Level 2.5 Spellcasting
 * Level 5.9 Transmutations
 - Level 2.6 Poison Magic
 + Level 0.5 Evocations


You had 7 spell levels left.
You knew the following spells:

 Your Spells              Type           Power        Failure   Level  Hunger
a - Beastly Appendage     Tmut           ###...       2%          1    #......
b - Sticks to Snakes      Tmut           ###.....     3%          2    ###....
c - Spider Form           Tmut/Pois      ##........   13%         3    ###....


Dungeon Overview and Level Annotations

Branches:
Dungeon (6/15)
 Temple: D:4-7

Altars:
Ashenzari
Okawaru
Trog
Xom
Zin
The Shining One

Shops:
D:6 !


Innate Abilities, Weirdness & Mutations

You are too large for most types of armour.
You have claws for hands.
Your metabolism is lightning-fast.
You like to eat raw meat.
Your natural rate of healing is unusually fast.
You are covered in fur. (AC +1)
You have very tough skin. (AC +2)


Message History

The orc warrior is lightly wounded.
The orc warrior hits you with a war axe of chopping!!
You hit the orc warrior but do no damage.
The orc warrior looks as sick as possible!
The orc warrior is lightly wounded.
You hit the orc warrior but do no damage.
The orc warrior is lightly wounded.
The orc warrior hits you with a war axe of chopping!
You hit the orc warrior.
The orc warrior looks as sick as possible!
The orc warrior is moderately wounded.
The orc warrior hits you with a war axe of chopping!
* * * LOW HITPOINT WARNING * * *
x2 You hit the orc warrior but do no damage.
The orc warrior looks as sick as possible!
The orc warrior is moderately wounded.
Your transformation has ended.
Your +1 robe unmelds from your body.
The orc warrior hits you with a war axe of chopping!!
You die...

#.#.####....##.#.#.#.#.#......
####.#..........(#.#.#.#.#.#.....
.....#.#.#.#...#..#.#.#.#.#......
......<............#.#.#.#.#.#.#.
.....####....#......#.#.#.#.#.#.#
.....# #.##.#.....#.#.#.#.#.#.#.
###### #.##.#........#.#.#...#.#
#.##.#.....#..#####...∩#.
#.......@....+# #+..#.#
########......).o..## ###.#.
#................#.# #.#.#
###.#######.........###### ##.#.
.............#<#..#.#.._#_. #.#.#
...............#.#.###..#..###.#.
.............#.#..#..'#.# #'..#.#
......)......#.#.#....#####..#>#.
......[........#..#.......#...#.#


You could see an orc warrior.

Vanquished Creatures
  Pikel (D:5)
  Edmund (D:5)
  2 slaves (D:5)
  A phantom (D:6)
  A sky beast (D:5)
  2 orc warriors (D:6)
  3 ogres (D:6)
  A centaur (D:5)
  A big kobold (D:6)
  A scorpion (D:6)
  A killer bee (D:6)
  An electric eel (D:6)
  A howler monkey (D:6)
  2 orc priests
  4 hounds
  A centaur skeleton (D:4)
  Ijyb (D:3)
  3 orc wizards (D:6)
  2 worker ants (D:4)
  A merfolk siren (Sewer)
  A merfolk avatar (Sewer)
  A howler monkey zombie (D:6)
  10 gnolls (D:6)
  9 adders
  A shadow imp (D:5)
  2 adder skeletons
  9 worms
  2 dart slugs
  3 leopard geckos
  13 orcs
  3 ball pythons (Sewer)
  4 giant cockroaches
  25 hobgoblins
  7 jackals
  6 kobolds
  4 quokkas
  5 bats (D:1)
  10 frilled lizards
  36 goblins
  A jackal skeleton (D:4)
  38 rats
221 creatures vanquished.

Vanquished Creatures (collateral kills)
  2 ogres
  An adder skeleton (D:4)
  A ball python (Sewer)
  A hobgoblin (D:6)
5 creatures vanquished.

Vanquished Creatures (others)
  2 orcs (D:6)
  A goblin (D:6)
3 creatures vanquished.

Grand Total: 229 creatures vanquished

Notes
Turn   | Place    | Note
-------+----------+-------------------------------------------
     0 | D:1      | louis the Troll Transmuter began the quest for the Orb.
     0 | D:1      | Reached XP level 1. HP: 18/18 MP: 1/1
   130 | D:1      | Reached XP level 2. HP: 23/26 MP: 0/2
   183 | D:1      | Reached skill level 1 in Fighting
   822 | D:2      | Reached XP level 3. HP: 32/33 MP: 2/4
   986 | D:2      | Reached XP level 4. HP: 40/41 MP: 3/5
  1027 | D:2      | Found a shimmering altar of Xom.
  1242 | D:3      | Noticed Ijyb
  1341 | D:3      | Reached skill level 2 in Transmutations
  1589 | D:3      | Killed Ijyb
  1589 | D:3      | Reached XP level 5. HP: 14/49 MP: 5/7
  1654 | D:3      | Learned a level 2 spell: Sticks to Snakes
  1900 | D:4      | Noticed an ogre
  1913 | D:4      | Killed an ogre
  2095 | D:4      | Reached XP level 6. HP: 48/57 MP: 2/8
  2145 | D:4      | Learned a level 3 spell: Spider Form
  2636 | D:5      | Entered Level 5 of the Dungeon
  2744 | D:5      | Reached skill level 3 in Transmutations
  2744 | D:5      | Reached skill level 1 in Poison Magic
  2776 | D:5      | Found an iron altar of Okawaru.
  2806 | D:5      | Became a worshipper of Warmaster Okawaru
  2823 | D:5      | Noticed a slave
  2824 | D:5      | Noticed Pikel
  2824 | D:5      | Noticed a slave
  2824 | D:5      | Noticed a slave
  2825 | D:5      | Noticed a slave
  2913 | D:6      | Found a glowing silver altar of Zin.
  3003 | D:5      | Reached XP level 7. HP: 65/66 MP: 6/9
  3023 | D:5      | Found a glowing drain.
  3036 | Sewer    | Entered a sewer
  3760 | D:5      | Killed Pikel
  3760 | D:5      | Reached * piety under Okawaru
  3760 | D:5      | Reached skill level 1 in Stealth
  3760 | D:5      | Reached skill level 4 in Transmutations
  3760 | D:5      | Reached XP level 8. HP: 40/75 MP: 2/10
  3849 | D:5      | Noticed a moth of wrath
  3851 | D:5      | Found a bloodstained altar of Trog.
  4146 | D:5      | Noticed Edmund
  4154 | D:5      | Killed Edmund
  4438 | D:6      | Reached skill level 5 in Transmutations
  4506 | D:6      | Reached ** piety under Okawaru
  4527 | D:6      | HP: 2/75 [ogre/giant spiked club (22)]
  4676 | D:6      | Found Byumauga's Distillery.
  4736 | D:6      | Found a glowing golden altar of the Shining One.
  5029 | D:6      | Reached XP level 9. HP: 36/83 MP: 5/11
  6211 | D:6      | Found a shattered altar of Ashenzari.
  6307 | D:6      | Slain by an orc warrior

Skill      XL: |  1  2  3  4  5  6  7  8 |
---------------+-------------------------+-----
Fighting       | 1 2 3 |  3.8
Transmutations | 2 3 4 5 |  5.9
Dodging        | 2 3 4 |  4.7
Spellcasting   | 2 |  2.5
Unarmed Combat | 4 |  4.1
Poison Magic   | 1 2 |  2.6
Stealth        | 1 |  1.5
Evocations     | |  0.5

Action                   |  1- 3 |  4- 6 |  7- 9 || total
-------------------------+-------+-------+-------++-------
Melee: Unarmed           |    81 |   139 |   404 ||   624
       Kick              |     4 |    10 |     5 ||    19
       Headbutt          |     2 |     9 |     5 ||    16
       Punch             |       |     1 |     4 ||     5
Throw: Tomahawk          |       |     6 |       ||     6
 Cast: Beastly Appendage |    19 |    32 |    29 ||    80
       Sticks to Snakes  |       |     6 |    22 ||    28
       Spider Form       |       |       |    27 ||    27
Evoke: Wand              |       |     2 |       ||     2
  Use: Scroll            |     4 |     8 |     6 ||    18
       Potion            |       |     1 |     5 ||     6
 Stab: Sleeping          |     1 |       |     1 ||     2
  Eat: Chunk             |     8 |    19 |    36 ||    63
       Bread ration      |       |       |     1 ||     1
Armor: Robe              |    26 |    51 |    55 ||   132
       Skin              |       |       |     6 ||     6
Dodge: Dodged            |    55 |    78 |   330 ||   463
